 Dungeon Crawl Stone Soup version 0.29.1-2-gbd0b4ee654 (webtiles) character file.

Game seed: 6731833702776053107

115 fantasyman the Covered (level 4, -1/38 HPs)
             Began as a Demigod Fighter on Nov 30, 2022.
             Slain by a gnoll
             ... wielding a +0 whip
              (2 damage)
             ... on level 3 of the Dungeon.
             The game lasted 00:03:52 (2553 turns).

fantasyman the Covered (Demigod Fighter)            Turns: 2553, Time: 00:03:52

Health: -1/38      AC: 10    Str: 21    XL:     4   Next: 41%
Magic:  2/2        EV:  9    Int: 10    God:
Gold:   208        SH:  0    Dex: 17    Spells: 3/3 levels left

rFire   . . .      SeeInvis .   f - +3 lajatang of Zice {antimagic, rN+ Will+ Dex+4}
rCold   . . .      Faith    .   (shield currently unavailable)
rNeg    + . .      Spirit   .   b - +0 scale mail
rPois   .          Reflect  .   m - +0 helmet
rElec   .          Harm     .   h - +0 cloak
rCorr   .          Rampage  .   k - +0 pair of gloves
Will    +....                   (no boots)
Stlth   ..........              (no amulet)
HPRegen 0.12/turn               (no ring)
MPRegen 0.08/turn               (no ring)

@: no status effects
A: high MP 1, forlorn, divine attributes
a: no special abilities


You were on level 3 of the Dungeon.
You visited 1 branch of the dungeon, and saw 3 of its levels.

You collected 271 gold pieces.
You spent 63 gold pieces at shops.

Inventory:

Hand Weapons
 a - a +0 war axe
 f - the +3 lajatang of Zice (weapon) {antimagic, rN+ Will+ Dex+4}
   (You acquired it on level 1 of the Dungeon)

   It reduces the magical energy of the wielder, and disrupts the spells and
   magical abilities of those it strikes.
   Natural abilities and divine invocations are not affected.
   Dex:       It affects your dexterity (+4).
   rN:        It protects you from negative energy.
   Will:      It increases your willpower.
Armour
 b - a +0 scale mail (worn)
 c - a +0 buckler
 h - a +0 cloak (worn)
 k - a +0 pair of gloves (worn)
 m - a +0 helmet (worn)
Wands
 q - a wand of charming (12)
Scrolls
 g - a scroll of enchant weapon {unknown}
 i - a scroll of blinking {unknown}
 l - a scroll of vulnerability {unknown}
 p - a scroll of amnesia {unknown}
Potions
 d - 3 potions of might
 e - 2 potions of curing {unknown}
 j - 4 potions of brilliance {unknown}
 n - a potion of lignification {unknown}
 o - 2 potions of flight {unknown}
 r - a potion of resistance {unknown}


   Skills:
 * Level 3.3 Fighting
 - Level 1.7 Axes
 * Level 2.1 Staves
 * Level 3.5 Armour
 - Level 3.1 Shields


You had 3 spell levels left.
You didn't know any spells.
Your spell library contained the following spells:

 Spells                   Type           Power      Damage    Failure   Level
 Blink                    Tloc           0%         N/A       83%         2
 Call Canine Familiar     Summ           0%         N/A       97%         3
 Gell's Gravitas          Tloc           0%         N/A       97%         3
 Lesser Beckoning         Tloc           0%         N/A       97%         3
 Portal Projectile        Hex/Tloc       0%         N/A       97%         3
 Teleport Other           Tloc           0%         N/A       97%         3
 Tukima's Dance           Hex            0%         N/A       97%         3
 Leda's Liquefaction      Hex/Erth       0%         N/A       100%        4
 Blade Hands              Tmut           0%         N/A       100%        5
 Manifold Assault         Tloc           0%         N/A       100%        5
 Dispersal                Tloc           0%         N/A       100%        6


Dungeon Overview and Level Annotations

Branches:
Dungeon (3/15)

Shops:
D:2 [*??   D:3 :


Innate Abilities, Weirdness & Mutations

You have an increased reservoir of magic. (+10% MP)
You shall have no god before yourself.
Your divine heritage dramatically boosts your attributes as you level up.


Message History

You are too injured to fight recklessly!
You are too injured to fight recklessly!
You are too injured to fight recklessly!
The gnoll closely misses you. The gnoll attacks as you move away!
The gnoll closely misses you. The gnoll attacks as you move away!
The gnoll closely misses you. The gnoll attacks as you move away!
The gnoll hits you but does no damage.
The giant cockroach bites you but does no damage.
The giant cockroach barely misses you. The gnoll attacks as you move away!
The gnoll barely misses you.
You open the door. The gnoll closely misses you.
The giant cockroach closely misses you.
The giant cockroach attacks as you move away!
The giant cockroach bites you but does no damage.
The gnoll attacks as you move away! The gnoll barely misses you.
The gnoll hits you with a +0 whip.
There is an open door here.
The gnoll attacks as you move away! The gnoll completely misses you.
The gnoll attacks as you move away! The gnoll misses you.
You slash the gnoll!
You kill the gnoll!
Your Staves skill increases to level 2!
You barely miss the gnoll. You slash the giant cockroach!
You kill the giant cockroach!
The gnoll hits you but does no damage.
You barely miss the gnoll. The gnoll barely misses you.
The gnoll hits you but does no damage. x3
You slash the gnoll!
The gnoll is almost dead.
The gnoll hits you with a +0 whip. x2
* * * LOW HITPOINT WARNING * * *
You hit the gnoll.
You kill the gnoll!
The gnoll completely misses you.
You closely miss the gnoll. The gnoll hits you with a +0 whip!
* * * LOW HITPOINT WARNING * * *
You barely miss the gnoll. The gnoll closely misses you.
The gnoll hits you with a +0 whip.
You die...

................
................ #
....?.......... . .
............####+#.# ###
.................#.#+#..
.......................#
...####.................
<..####)####.....#.....#
.......@g........#+#....
.......................#
........................
.........#####..(...[..#
.......................#
#........##.............
#........##...†.........
#.......................
......#########..


You could see a gnoll.

Vanquished Creatures
  An adder (D:3)
  2 gnolls (D:3)
  3 worms (D:2)
  2 dart slugs (D:1)
  3 orcs (D:3)
  6 ball pythons
  5 endoplasms
  5 giant cockroaches
  7 hobgoblins
  7 jackals
  3 kobolds (D:1)
  5 quokkas
  3 bats
  A frilled lizard (D:1)
  5 goblins
  5 rats
63 creatures vanquished.

Vanquished Creatures (others)
  5 withered plants (D:1)
5 creatures vanquished.

Grand Total: 68 creatures vanquished

Notes
Turn   | Place    | Note
-------+----------+-------------------------------------------
     0 | D:1      | fantasyman the Demigod Fighter began the quest for the Orb.
     0 | D:1      | Reached XP level 1. HP: 18/18 MP: 3/3
    36 | D:1      | Reached XP level 2. HP: 7/25 MP: 4/4
   828 | D:1      | Identified a scroll of acquirement
   828 | D:1      | Acquired the +3 lajatang of Zice {antimagic, rN+ Will+
                  | Dex+4}
   992 | D:1      | Reached XP level 3. HP: 28/31 MP: 1/5
  1431 | D:2      | Found Ymott's Magic Scroll Shoppe.
  1468 | D:2      | Found Ufakugit's General Store.
  1489 | D:2      | Found Poraq's Armour Shop.
  1495 | D:2      | Bought a +0 helmet for 63 gold pieces
  1752 | D:2      | Reached skill level 1 in Staves
  1825 | D:2      | Found Jutan's Magic Scroll Emporium.
  2284 | D:3      | Reached XP level 4. HP: 38/38 MP: 2/6
  2314 | D:3      | Found Catagrot's Book Shoppe.
  2552 | D:3      | HP: 1/38 [gnoll/+0 whip (8)]
  2553 | D:3      | Slain by a gnoll

Illustrated notes

Levels and vault maps discovered:
D:1:      spicycebolla_arrival_clurvy, layout_loops_ring,
          ebering_ecumenical_altar_abandoned
D:2:      minmay_general_purpose_star, layout_basic, serial_shops,
          nicolae_shop_behind_doors, nicolae_shop_advertising_works
          [nicolae_subvault_shop_adworks], shop_fountains, nicolae_square_shop
D:3:      layout_basic, gammafunk_temple_overflow_claw, serial_shops, shop_coins

Skill      XL: |  1  2  3  4 |
---------------+-------------+-----
Armour         | 3 |  3.5
Shields        | 3 |  3.1
Fighting       | 3 |  3.3
Staves         | 1 2 |  2.1
Axes           | |  1.7

Action                   |  1- 3 |  4- 6 || total
-------------------------+-------+-------++-------
Melee: War axe           |    63 |       ||    63
       Lajatang          |    61 |    26 ||    87
  Use: Scroll            |     2 |       ||     2
Armor: Scale mail        |    68 |    21 ||    89
Dodge: Dodged            |    71 |    23 ||    94
Block: Buckler           |    17 |       ||    17
